 Seeded DCSS version 0.29-a0-1052-g6990b1bffc (webtiles) character file.

Game seed: 1 (custom seed)

290 Kazon the Cudgeller (level 6, -16/78 HPs)
             Began as a Palentonga Berserker on Aug 17, 2022.
             Was a Believer of Trog.
             Demolished by an ogre
             ... wielding a +0 giant club
              (25 damage)
             ... on level 4 of the Dungeon.
             The game lasted 00:10:43 (2058 turns).

Kazon the Cudgeller (Palentonga Berserker)          Turns: 2058, Time: 00:10:43

Health: -16/78     AC: 13    Str: 22    XL:     6   Next: 9%
Magic:  6/6        EV:  4    Int:  7    God:    Trog [**....]
Gold:   58         SH:  0    Dex: 12    Spells: 5/5 levels left

rFire   . . .      SeeInvis +   c - +0 great mace (vorpal)
rCold   . . .      Faith    .   (shield currently unavailable)
rNeg    . . .      Spirit   .   k - +0 chain mail
rPois   .          Reflect  .   p - +0 helmet
rElec   .          Harm     .   (no cloak)
rCorr   .          Rampage  .   (no gloves)
Will    .....                   v - +0 barding
Stlth   ..........              t - amulet of regeneration
HPRegen 1.03/turn               (no ring)
MPRegen 0.10/turn               (no ring)

@: berserking, lethally poisoned (-16 -> -22), very quick
A: large, rugged brown scales 3, see invisible, deformed body, roll 1, armoured
tail
a: Rolling Charge, Renounce Religion, Berserk, Trog's Hand


You were on level 4 of the Dungeon.
You worshipped Trog.
Trog was pleased with you.
You visited 1 branch of the dungeon, and saw 4 of its levels.

You collected 242 gold pieces.
You spent 184 gold pieces at shops.

Inventory:

Hand Weapons
 a - a +0 mace
 c - a +0 vorpal great mace (weapon)
 e - a +2 dagger of venom
 s - the +3 falchion of Winter {venom, rCorr}
   (You bought it in a shop on level 3 of the Dungeon)

   It poisons the flesh of those it strikes.
   rCorr:     It protects you from acid and corrosion.
Missiles
 i - 21 stones
 m - 3 boomerangs
 n - a throwing net
 r - 7 poisoned darts
Armour
 k - a +0 chain mail (worn)
 p - a +0 helmet (worn)
 v - a +0 barding (worn)
Jewellery
 d - an amulet of the acrobat
 t - an amulet of regeneration (around neck)
Wands
 y - a wand of mindburst (12)
Scrolls
 b - a scroll of immolation {unknown}
 h - 2 scrolls of identify {unknown}
 o - a scroll of fog {unknown}
 q - 2 scrolls of enchant weapon {unknown}
 w - a scroll of blinking {unknown}
Potions
 f - a potion of flight {unknown}
 g - a potion of attraction {unknown}
 j - a potion of haste {unknown}
 l - a potion of berserk rage {unknown}
 u - a potion of magic {unknown}
 x - a potion of ambrosia {unknown}


   Skills:
 + Level 4.4 Fighting
 + Level 0.9(1.2) Short Blades
 + Level 1.2(1.4) Long Blades
 + Level 4.6 Maces & Flails
 + Level 2.7 Armour
 + Level 2.0 Dodging


You had 5 spell levels left.
You didn't know any spells.
Your spell library was empty.

Dungeon Overview and Level Annotations

Branches:
Dungeon (4/15)
 Temple: D:4-7

Altars:

Shops:
D:3 (


Innate Abilities, Weirdness & Mutations

You are completely covered in rugged brown scales. (AC +3, +7% HP)
You have supernaturally acute eyesight. (SInv)
Armour fits poorly on your strangely shaped body.
You can roll at nearby foes to attack.
You have a long armoured tail.


Message History

The water moccasin is severely wounded.
You feel sick.
The water moccasin completely misses you.
The water moccasin bites you.
A red film seems to cover your vision as you go berserk!
You feel yourself moving faster!
You feel mighty!
You feel sick. The water moccasin bites you.
You are more poisoned.
The water moccasin poisons you!
You miss the water moccasin.
Your tail-slap misses the water moccasin.
The water moccasin is severely wounded.
You feel very sick. The water moccasin bites you!
You are more poisoned.
The water moccasin poisons you!
You miss the water moccasin.
The water moccasin is severely wounded.
* * * LOW HITPOINT WARNING * * *
You feel extremely sick. The water moccasin barely misses you.
The water moccasin bites you.
* * * LOW HITPOINT WARNING * * *
You bludgeon the water moccasin!!
You kill the water moccasin!
Trog accepts your kill.
* * * LOW HITPOINT WARNING * * *
You feel very sick.
Your Long Blades skill increases to level 1!
Your Dodging skill increases to level 2!
You have reached level 6!
You bludgeon the orc!!
You kill the orc!
Trog accepts your kill.
* * * LOW HITPOINT WARNING * * *
You feel very sick.
You sock the ogre!
Your tail-slap misses the ogre.
The ogre is severely wounded.
You feel very sick.
The ogre hits you with a +0 giant club!!
You die...

# # ##.##.. ##
.#....###.[
##....###....
#...###......
#O###......#
#@#......#
#......##
##......##
###......##
#.##......##
#..##......##
##..##......##
#....##......##
#.##..##......##


You could see an ogre.

Vanquished Creatures
  A water moccasin (D:4)
  A hound (D:4)
  An iguana (D:4)
  3 gnolls (D:2)
  2 adders (D:2)
  An ufetubus (D:4)
  2 worms
  2 dart slugs
  2 orcs
  7 endoplasms
  A giant cockroach (D:1)
  7 goblins
  8 hobgoblins
  7 jackals
  4 kobolds
  3 quokkas
  4 ball pythons
  2 bats
  4 frilled lizards
  4 rats
66 creatures vanquished.

Notes
Turn   | Place    | Note
-------+----------+-------------------------------------------
     0 | D:1      | Kazon the Palentonga Berserker began the quest for the Orb.
     0 | D:1      | Reached XP level 1. HP: 19/19 MP: 1/1
   160 | D:1      | Identified a scroll of acquirement
   160 | D:1      | Acquired a +0 vorpal great mace
   198 | D:1      | Reached XP level 2. HP: 21/25 MP: 2/2
   643 | D:2      | Reached XP level 3. HP: 23/31 MP: 3/3
   781 | D:2      | Reached XP level 4. HP: 35/39 MP: 4/4
   781 | D:2      | Reached ** piety under Trog
  1503 | D:3      | Found Umat's Antique Weapon Boutique.
  1511 | D:3      | Bought a crude falchion for 184 gold pieces
  1511 | D:3      | Identified the +3 falchion of Winter {venom, rCorr} (You
                  | bought it in a shop on level 3 of the Dungeon)
  1938 | D:4      | Reached XP level 5. HP: 34/44 MP: 5/5
  2047 | D:4      | Noticed an ogre
  2047 | D:4      | Noticed a water moccasin
  2056 | D:4      | Killed a water moccasin
  2057 | D:4      | Reached skill level 1 in Long Blades
  2057 | D:4      | Reached XP level 6. HP: 15/52 MP: 6/6
  2058 | D:4      | Demolished by an ogre

Illustrated notes

Levels and vault maps discovered:
D:1:      dpeg_arrival_three_smaller_balls, layout_basic
D:2:      layout_loops_ring
D:3:      layout_basic, serial_shops, nicolae_shop_stone, st_stairs_7
D:4:      minmay_razor_zed, layout_basic, worldfamousw_hep_ancestral_shrine,
          uniq_eustachio, uniq_natasha

Skill      XL: |  1  2  3  4  5 |
---------------+----------------+-----
Maces & Flails | 4 |  4.6
Fighting       | 4 |  4.4
Armour         | 2 |  2.7
Long Blades    | 1 |  1.2
Dodging        | 2 |  2.0
Short Blades   | |  0.9

Action                   |  1- 3 |  4- 6 || total
-------------------------+-------+-------++-------
Melee: Mace              |    13 |       ||    13
       Great mace        |    45 |    34 ||    79
       Tailslap          |     4 |    11 ||    15
       Dagger            |       |    51 ||    51
       Falchion          |       |    13 ||    13
Throw: Stone             |     1 |       ||     1
Invok: Berserk           |       |     1 ||     1
 Abil: Rolling Charge    |    19 |    16 ||    35
  Use: Scroll            |     1 |       ||     1
Armor: Animal skin       |    13 |     1 ||    14
       Chain mail        |       |   107 ||   107
Dodge: Dodged            |    29 |    50 ||    79

Table legend: (Time is in decaauts)
 A = Elapsed time spent in this place.
 B = Non-inter-level travel time spent in this place.
 C = Inter-level travel time spent in this place.
 D = Time resting spent in this place.
 E = Time spent auto-exploring this place.
 F = Levels seen in this place.
 G = Mean time per level.
                   A        B        C        D        E       F      G
               +--------+--------+--------+--------+--------+-----+--------+
         Total |   2100 |   1979 |    121 |     72 |    661 |   4 |  525.0 |
       Dungeon |   2100 |   1979 |    121 |     72 |    661 |   4 |  525.0 |
               +--------+--------+--------+--------+--------+-----+--------+

Top non-repeatable levels by time:
     D:2: 725 daAuts
     D:1: 667 daAuts
     D:3: 472 daAuts
     D:4: 235 daAuts
